 Dungeon Crawl Stone Soup version 0.23.2-30-g0e89c35 (webtiles) character file.

Game seed: 13779587159489232879

2044 razor4143 the Cleaver (level 9, -11/70 (71) HPs)
             Began as a Human Wanderer on June 11, 2019.
             Was a Plaything of Xom.
             Killed by divine providence
             ... invoked by an orc priest
             ... summoned by Xom
              (13 damage)
             ... on level 7 of the Dungeon.
             The game lasted 00:17:33 (9888 turns).

razor4143 the Cleaver (Human Wanderer)              Turns: 9888, Time: 00:17:33

HP:   -11/70 (71)   AC: 11    Str: 19    XL:     9   Next: 48%
MP:   10/10         EV:  9    Int: 12    God:    Xom [*.....]
Gold: 375           SH:  0    Dex: 10    Spells: 10/10 levels left

rFire    + . .     SeeInvis .   q - +0 war axe
rCold    + . .     Gourm    .   (no shield)
rNeg     . . .     Faith    .   L - +5 scale mail of the Battered Tales {rC+}
rPois    .         Spirit   .   i - +0 helmet
rElec    .         Reflect  +   (no cloak)
rCorr    .         Harm     .   J - +0 pair of gloves
MR       .....                  c - +0 pair of boots
Stlth    ..........             j - +3 amulet of reflection
HPRegen  0.21/turn              K - ring of protection from fire
MPRegen  0.12/turn              (no ring)

@: confused, lethally poisoned (-11 -> -44)
A: deformed body
a: Renounce Religion


You were on level 7 of the Dungeon.
You worshipped Xom.
You were a special plaything of Xom.
You were hungry.

You visited 2 branches of the dungeon, and saw 8 of its levels.

You collected 375 gold pieces.

Inventory:

Hand Weapons
 q - a +0 war axe (weapon)
Missiles
 e - 178 stones
 l - 81 bolts
 C - 3 tomahawks (quivered)
 E - 6 javelins
Armour
 c - a +0 pair of boots (worn)
 i - a +0 helmet (worn)
 x - a +2 robe of cold resistance
 F - a cursed +0 scale mail
 J - a +0 pair of gloves (worn)
 L - the +5 scale mail of the Battered Tales (worn) {rC+}
   (You found it on level 5 of the Dungeon)

   It protects you from cold.
Jewellery
 h - an uncursed ring of fire
 j - a +3 amulet of reflection (around neck)
 K - a ring of protection from fire (left hand)
Wands
 n - a wand of flame (9)
 p - a wand of random effects (19)
 v - a wand of polymorph (11)
 M - a wand of disintegration (7)
Scrolls
 a - a scroll of random uselessness {unknown}
 b - 2 scrolls of teleportation
 k - 2 scrolls of magic mapping
 t - a scroll of blinking {unknown}
 u - a scroll of enchant weapon {unknown}
 w - a scroll of fog {unknown}
 y - a scroll of amnesia {unknown}
 D - a scroll of fear
Potions
 d - a potion of mutation
 g - a potion of cancellation {unknown}
 m - a potion of agility {unknown}
 o - a potion of brilliance {unknown}
 r - 3 potions of lignification
 s - a potion of flight {unknown}
 z - 3 potions of curing
 A - a potion of magic {unknown}
 B - 2 potions of ambrosia
 G - a potion of heal wounds {unknown}
 I - a potion of might {unknown}
Comestibles
 f - 11 rations


   Skills:
 + Level 6.7 Fighting
 * Level 9.1(9.5) Axes
   Level 4.2(7.2) Maces & Flails
 - Level 1.0 Throwing
 + Level 1.7 Armour
 - Level 1.0 Spellcasting
   Level 1.0 Conjurations
   Level 1.0 Necromancy
 - Level 1.0 Evocations


You had 10 spell levels left.
You didn't know any spells.
Your spell library contained the following spells:

 Spells                   Type           Power        Failure   Level  Hunger
 Animate Skeleton         Necr           N/A          52%         1    ##.....
 Apportation              Tloc           #.....       67%         1    ##.....
 Confusing Touch          Hex            #.....       67%         1    ##.....
 Summon Small Mammal      Summ           #...         67%         1    ##.....


Dungeon Overview and Level Annotations

Branches:
Dungeon (7/15)             Temple (1/1) D:4

Altars:
Ashenzari
Cheibriados
Dithmenos
Elyvilon
Hepliaklqana
Kikubaaqudgha
Makhleb
Nemelex Xobeh
Okawaru
Qazlal
Ru
Sif Muna
Uskayaw
Vehumet
Xom
Yredelemnul
The Shining One

Annotations:
D:4 3 runed translucent doors, arcanemastermind's ghost, amateur GnSk
D:5 exclusion: door
D:7 2 transporters, growler's ghost, novice FoFi


Innate Abilities, Weirdness & Mutations

Armour fits poorly on your strangely shaped body.


Message History

* * * LOW HITPOINT WARNING * * *
You are confused.
You feel invigorated. The water moccasin bites you.
* * * LOW HITPOINT WARNING * * *
You are lethally poisoned!
The water moccasin poisons you! The water moccasin bites you.
* * * LOW HITPOINT WARNING * * *
You are more poisoned.
The water moccasin poisons you! The orc hits you but does no damage.
You closely miss the orc. You miss the water moccasin.
* * * LOW HITPOINT WARNING * * *
You feel sick. The water moccasin bites you.
* * * LOW HITPOINT WARNING * * *
You are more poisoned.
The water moccasin poisons you! The orc hits you with a cursed +0 club.
* * * LOW HITPOINT WARNING * * *
The orc priest invokes the aid of Xom against you.
Xom smites you!
You die...
Xom thinks this is hilarious!

.. #. . # # #### #
###.##### ###..# #
.....bS.# ##...## ##
#@# ##._...####. ###
#o# #...##..##.. #.###
#o# ##..####.....
##..###.####..##
##.... ##...#..##..##
#.... ###.....#..##
##..# #.##.......##
#..# ##.....##...##
#..#
##...#####..#######..#


You could see a water moccasin, an orc priest and an orc.

Vanquished Creatures
  Sigmund (D:3)
  Duvessa (D:7)
  An orc warrior (D:5)
  2 ice beasts
  2 sky beasts (D:5)
  2 centaurs
  A bullfrog (D:6)
  3 scorpions
  Dowan (D:7)
  2 howler monkeys
  3 crimson imps
  A centaur zombie (D:6)
  4 hounds
  A jelly (D:6)
  2 orc priests
  An iguana (D:6)
  2 orc wizards
  4 worker ants
  A hound skeleton (D:5)
  Robin (D:1)
  4 gnolls
  7 adders
  A shadow imp (D:5)
  An ooze (D:2)
  An adder skeleton (D:6)
  An adder zombie (D:5)
  5 worms
  3 dart slugs
  A leopard gecko (D:3)
  14 orcs
  A ball python (D:5)
  6 giant cockroaches
  16 goblins
  12 hobgoblins
  7 jackals (D:6)
  7 bats
  8 frilled lizards
  9 kobolds
  5 rats
145 creatures vanquished.

Vanquished Creatures (collateral kills)
  A phantom (D:5)
  A worker ant (D:5)
2 creatures vanquished.

Grand Total: 147 creatures vanquished

Notes
Turn   | Place    | Note
-------+----------+-------------------------------------------
     0 | D:1      | razor4143 the Human Wanderer began the quest for the Orb.
     0 | D:1      | razor4143 set off with the following items: a +2 mace, a
                  | scroll of teleportation, a potion of curing, a +0 robe, a
                  | ration
     0 | D:1      | Reached XP level 1. HP: 15/15 MP: 2/2
   334 | D:1      | Reached XP level 2. HP: 16/21 MP: 3/3
  1245 | D:2      | Noticed Robin
  1263 | D:1      | Reached XP level 3. HP: 5/26 MP: 4/4
  2159 | D:1      | Killed Robin
  2159 | D:1      | Reached XP level 4. HP: 18/33 MP: 5/5
  2653 | D:2      | Reached skill level 1 in Axes
  3205 | D:2      | Reached XP level 5. HP: 36/39 MP: 6/6
  3388 | D:2      | Reached skill level 2 in Axes
  4173 | D:3      | Found a shadowy altar of Dithmenos.
  4189 | D:3      | Noticed Sigmund
  4210 | D:3      | Killed Sigmund
  4210 | D:3      | Reached skill level 3 in Axes
  4210 | D:3      | Reached XP level 6. HP: 37/47 MP: 7/7
  4621 | D:4      | Found a staircase to the Ecumenical Temple.
  4635 | Temple   | Entered the Ecumenical Temple
  4904 | Temple   | Became a worshipper of Xom of Chaos
  4944 | D:4      | Reached skill level 4 in Axes
  5044 | D:4      | XOM: potion effect (agility)
  5364 | D:4      | Found a sacrificial altar of Ru.
  5451 | D:4      | Found a white marble altar of Elyvilon.
  5473 | D:4      | Found a runed translucent gate.
  5473 | D:4      | Found a runed translucent gate.
  5473 | D:4      | Found a runed translucent gate.
  5475 | D:4      | Noticed arcanemastermind's ghost (amateur GnSk)
  5617 | D:4      | Found a snail-covered altar of Cheibriados.
  5740 | D:5      | Entered Level 5 of the Dungeon
  5772 | D:5      | Reached XP level 7. HP: 32/53 MP: 8/8
  6066 | D:5      | Got a jewelled scale mail
  6082 | D:5      | Identified the +5 scale mail of the Battered Tales {rC+}
                  | (You found it on level 5 of the Dungeon)
  6092 | D:5      | XOM: mild Hex miscast
  6238 | D:5      | Reached skill level 5 in Axes
  6328 | D:5      | XOM: medium Tloc miscast
  6393 | D:5      | XOM: mild Necr miscast
  6400 | D:5      | XOM: summons friendly iron imp
  6408 | D:5      | XOM: noise
  6455 | D:5      | Reached XP level 8. HP: 25/61 MP: 9/9
  6645 | D:5      | Reached skill level 6 in Axes
  6767 | D:5      | XOM is BORED!
  6767 | D:5      | XOM: mild Necr miscast
  6804 | D:5      | Found a deep blue altar of Sif Muna.
  6810 | D:5      | Reached skill level 5 in Fighting
  7129 | D:5      | XOM: swap monsters
  7137 | D:5      | Reached skill level 7 in Axes
  7496 | D:6      | XOM: summons 2 hostile shadow creatures
  7648 | D:6      | Found a burning altar of Makhleb.
  7649 | D:6      | Found an ancient bone altar of Kikubaaqudgha.
  7775 | D:6      | XOM: swap monsters
  7809 | D:6      | XOM: harmless Erth miscast
  7832 | D:6      | Reached XP level 9. HP: 62/68 MP: 10/10
  7850 | D:5      | Reached skill level 8 in Axes
  8118 | D:5      | XOM: god gift: potion of ambrosia
  8652 | D:7      | XOM: swap monsters
  8706 | D:7      | Found a transporter.
  8708 | D:7      | Found a transporter.
  8710 | D:7      | Noticed growler's ghost (novice FoFi)
  8774 | D:7      | XOM: confusion
  8894 | D:7      | Noticed Duvessa
  8894 | D:7      | Noticed Dowan
  8908 | D:7      | XOM: medium Summ miscast
  8909 | D:7      | Noticed an orange demon
  8917 | D:7      | Killed Dowan
  8917 | D:7      | Killed Duvessa
  8917 | D:7      | Reached skill level 9 in Axes
  9483 | D:6      | XOM: give mutations
  9483 | D:6      | Gained mutation: You are frail. (-10% HP) [Xom's mischief]
  9483 | D:6      | Gained mutation: Armour fits poorly on your strangely
                  | shaped body. [Xom's mischief]
  9483 | D:6      | Lost mutation: You are frail. (-10% HP) [Xom's mischief]
  9515 | D:7      | Found a hazy altar of Hepliaklqana.
  9790 | D:7      | XOM: noise
  9879 | D:7      | XOM: summons 2 hostile shadow creatures
  9883 | D:7      | XOM: butterfly on damage
  9886 | D:7      | HP: 3/70 [water moccasin[Xom] (8)]
  9888 | D:7      | Killed from afar by an orc priest

Skill      XL: |  1  2  3  4  5  6  7  8  9 |
---------------+----------------------------+-----
Maces & Flails | 4 |  4.2
Fighting       | 2 3 4 6 |  6.7
Axes           | 1 3 4 5 7 9 |  9.1
Throwing       | |  1.0
Armour         | |  1.7
Spellcasting   | |  1.0
Conjurations   | |  1.0
Necromancy     | |  1.0
Evocations     | |  1.0

Action                   |  1- 3 |  4- 6 |  7- 9 || total
-------------------------+-------+-------+-------++-------
Melee: Mace              |    92 |   139 |       ||   231
       War axe           |       |    48 |   360 ||   408
       Unarmed           |       |     9 |       ||     9
Throw: Stone             |    34 |    10 |     9 ||    53
       Tomahawk          |       |       |     4 ||     4
Evoke: Wand              |       |     3 |     5 ||     8
  Use: Potion            |     1 |       |     3 ||     4
       Scroll            |       |       |     8 ||     8
  Eat: Chunk             |     4 |    11 |    10 ||    25
       Ration            |       |       |     1 ||     1
Armor: Robe              |    23 |    30 |       ||    53
       Skin              |       |     2 |    23 ||    25
       Leather armour    |       |     2 |       ||     2
       Scale mail        |       |    16 |   204 ||   220
       Chain mail        |       |     7 |       ||     7
       Ring mail         |       |     1 |       ||     1
Dodge: Dodged            |    70 |   106 |   152 ||   328
Block: Other             |       |       |    11 ||    11
